AoeStats
← arec

Fortress

510289989Analyzed
1v1 RM · 2d ago on Sep 30, 2026· 37m 39s· 2 players
Game mode
Random Map
Map size
Small (3 player)
Population
200
Speed
Normal
Resources
Standard
Victory
Conquest
Starting age
Dark Age
Ending age
Imperial Age
RankedLock teamsTeams togetherTeam positionsShared explorationLock speedFull tech treeHidden civsTurbo modeCheats
Victory
Defeat
🇨🇳 Teutons · China
1330
+17
🇬🇧 Italians · United Kingdom
1354
-17
wdnm
7:31 Feudal Age
11:38 Castle Age
9:25 Horse Collar
9:52 Double-Bit Axe
10:41 Fletching
11:31 Padded Archer Armor
13:41 Wheelbarrow
13:40 Bodkin Arrow
16:17 Wheelbarrow
16:23 Heavy Plow
19:40 Redemption
19:57 Elite Skirmisher
25:46 Imperial Age
26:00 Imperial Age
24:21 Bloodlines
24:51 Leather Archer Armor
29:40 Imperial Age
27:26 Loom
28:00 Forging
27:56 Scale Barding Armor
29:22 Iron Casting
30:02 Hand Cart
30:09 Town Watch
31:31 Ring Archer Armor
31:14 Gold Mining
32:28 Chemistry
32:45 Ballistics
33:22 Conscription
33:30 Chain Barding Armor
33:47 Block Printing
33:50 Cavalier
35:29 Siege Engineers
36:56 Blast Furnace
37:14 Crenellations
arec
7:22 Feudal Age
11:32 Castle Age
14:42 Imperial Age
12:54 Fletching
14:56 Bodkin Arrow
16:53 Padded Archer Armor
20:04 Block Printing
20:10 Sanctity
28:04 Ballistics
29:08 Scale Mail Armor
31:09 Double-Bit Axe
32:01 Gold Mining
33:41 Chemistry
37:26 Chain Mail Armor
Connection lost

Rejoining the realm…

Still unreachable

The connection could not be restored.

Session expired

The server has moved on; the page needs a fresh start.